 Dungeon Crawl Stone Soup version 0.30-a0-800-g7c544603b3 (webtiles) character file.

Game seed: 18344792627047102024

52468 ryw the Fighter (level 14, -1/93 (116) HPs)
             Began as a Demonspawn Monk on Feb 22, 2023.
             Was the Champion of Cheibriados.
             Slain by an orc warrior
             ... wielding a +0 scimitar
             ... led by an orc warlord
              (17 damage)
             ... on level 2 of the Orcish Mines.
             The game lasted 00:33:22 (16378 turns).

ryw the Fighter (Demonspawn Monk)                  Turns: 16378, Time: 00:33:23

HP:   -1/93 (116)   AC: 18    Str: 33    XL:     14   Next: 27%
MP:   18/18         EV: 22    Int: 31    God:    Cheibriados [******]
Gold: 1875          SH:  0    Dex: 31    Spells: 19/19 levels left

rFire   + + .      SeeInvis .    D - +7 war axe
rCold   x . .      Faith    .    (no shield)
rNeg    . . .      Spirit   .    r - +0 fire dragon scales
rPois   +          Reflect  .    (helmet restricted)
rElec   .          Harm     .    g - scarf {shadows}
rCorr   .          Rampage  .    f - +0 pair of gloves
Will    +....                    i - +1 pair of boots
Stlth   +                        c - amulet of magic regeneration
HPRegen 1.15/turn                b - ring of poison resistance
MPRegen 0.56/turn                v - +6 ring of strength

@: heavily drained, very slow
A: horns 1, slimy green scales 3, icemail 1, spiny 3, condensation shield,
regeneration 1
a: Renounce Religion, Bend Time, Temporal Distortion, Slouch, Step From Time


You were on level 2 of the Orcish Mines.
You worshipped Cheibriados.
Cheibriados was exalted by your worship.
You visited 4 branches of the dungeon, and saw 20 of its levels.
You also visited: Ossuary and Gauntlet.

You collected 1935 gold pieces.
You spent 60 gold pieces at shops.

Inventory:

Hand Weapons
 D - a +7 war axe (weapon)
 T - a +2 lajatang of speed
Missiles
 e - 11 javelins (quivered)
 j - 14 boomerangs
 o - 2 throwing nets
 w - 5 silver javelins
Armour
 f - a +0 pair of gloves (worn)
 g - a scarf of shadows (worn)
 i - a +1 pair of boots (worn)
 r - +0 fire dragon scales (worn)
 A - a +0 robe of resistance
 S - a scarf of repulsion
Jewellery
 a - an amulet of faith
 b - a ring of poison resistance (left hand)
 c - an amulet of magic regeneration (around neck)
 v - a +6 ring of strength (right hand)
 z - a ring of ice
 F - a +6 ring of strength
 H - a ring of willpower
 P - the ring "Fulleqog" {Wiz Fly Will+}
   (You found it on level 10 of the Dungeon)

   [ring of wizardry]

   It improves your spell success rate.
   Fly:       It grants you flight.
   Will:      It increases your willpower.
 R - a ring of see invisible
 U - the ring "Marujecw" {Fly rPois rF+ Will- Int+4}
   (You found it in a Gauntlet)

   [ring of flight]

   Int:       It affects your intelligence (+4).
   rF:        It protects you from fire.
   rPois:     It protects you from poison.
   Fly:       It grants you flight.
   Will:      It decreases your willpower.
 W - a ring of protection from cold
Wands
 q - a wand of acid (6)
 y - a wand of flame (20)
 G - a wand of charming (17)
 K - a wand of polymorph (6)
 M - a wand of roots (10)
 N - a wand of mindburst (8)
Scrolls
 l - 7 scrolls of amnesia
 n - 7 scrolls of teleportation
 p - 3 scrolls of fear
 x - a scroll of magic mapping
 B - 2 scrolls of blinking
 L - a scroll of silence
 O - a scroll of poison
 Q - 10 scrolls of identify
Potions
 d - 5 potions of invisibility
 h - 4 potions of magic
 k - a potion of cancellation
 m - 7 potions of curing
 s - 2 potions of brilliance
 t - 5 potions of attraction
 u - 2 potions of mutation
 C - 3 potions of flight
 E - a potion of resistance
 I - a potion of ambrosia
 X - a potion of might
Miscellaneous
 V - a phantom mirror


   Skills:
 + Level 12.6 Fighting
 - Level 3.0 Short Blades
 * Level 12.0 Axes
 - Level 8.0 Throwing
 + Level 8.3 Armour
 + Level 11.6 Dodging
 - Level 1.7 Stealth
 - Level 2.6 Unarmed Combat
 - Level 3.0 Spellcasting


You had 19 spell levels left.
You didn't know any spells.
Your spell library contained the following spells:

 Spells                   Type           Power      Damage    Failure   Level
 Beastly Appendage        Tmut           8%         N/A       13%         1
 Slow                     Hex            16%        N/A       13%         1
 Sting                    Tmut/Pois      16%        1d3       13%         1
 Ensorcelled Hibernation  Hex/Ice        8%         N/A       21%         2
 Passwall                 Tmut/Erth      3%         N/A       21%         2
 Poisonous Vapours        Pois/Air       8%         N/A       21%         2
 Sublimation of Blood     Necr           4%         N/A       21%         2
 Wereblood                Tmut           4%         N/A       21%         2
 Confusing Touch          Hex            4%         N/A       36%         3
 Inner Flame              Hex/Fire       4%         N/A       36%         3
 Ozocubu's Armour         Ice            4%         N/A       36%         3
 Spider Form              Tmut/Pois      4%         N/A       36%         3
 Summon Guardian Golem    Hex/Summ       4%         N/A       36%         3
 Swiftness                Air            4%         N/A       36%         3
 Vampiric Draining        Necr           4%         2d6       36%         3
 Cause Fear               Hex            2%         N/A       78%         4
 Fulminant Prism          Conj/Hex       2%         3d5       78%         4
 Olgreb's Toxic Radiance  Pois           4%         N/A       78%         4
 Agony                    Necr           4%         N/A       98%         5
 Blade Hands              Tmut           2%         N/A       98%         5
 Borgnjor's Vile Clutch   Necr/Erth      2%         N/A       98%         5
 Metabolic Englaciation   Hex/Ice        2%         N/A       98%         5
 Summon Forest            Summ/Tloc      2%         N/A       98%         5
 Summon Mana Viper        Hex/Summ       4%         N/A       98%         5
 Eringya's Noxious Bog    Tmut/Pois      2%         N/A       100%        6
 Simulacrum               Ice/Necr       2%         N/A       100%        6
 Summon Cactus Giant      Summ           2%         N/A       100%        6
 Dragon Form              Tmut           2%         N/A       100%        7
 Orb of Destruction       Conj           2%         9d5       100%        7
 Spellforged Servitor     Conj/Summ      2%         N/A       100%        7
 Summon Hydra             Summ           2%         N/A       100%        7
 Borgnjor's Revivificati  Necr           2%         N/A       100%        8
 Discord                  Hex            2%         N/A       100%        8
 Necromutation            Tmut/Necr      2%         N/A       100%        8
 Death's Door             Necr           2%         N/A       100%        9
 Dragon's Call            Summ           2%         N/A       100%        9


Dungeon Overview and Level Annotations

Branches:
Dungeon (12/15)            Temple (1/1) D:6            Lair (5/5) D:10
  Swamp (0/4) Lair:3       Spider (0/4) Lair:3        Slime (0/5) Lair:4
    Orc (2/2) D:12        Ossuary (visited)         Gauntlet (visited)
    Elf: Orc:2

Altars:
Ashenzari
Cheibriados
Dithmenos
Fedhas
Gozag
Hepliaklqana
Kikubaaqudgha
Makhleb
Nemelex Xobeh
Okawaru
Qazlal
Ru
Sif Muna
Trog
Uskayaw
Vehumet
Wu Jian
Xom
Yredelemnul
Jiyva
Lugonu

Shops:
D:1 *   D:6 (   D:7 !   Orc:1 =[[:

Annotations:
D:3 2 runed translucent doors, tarna41's ghost, weakling MiBe
D:10 2 transporters


Innate Abilities, Weirdness & Mutations

You have a pair of small horns on your head.
You are completely covered in slimy green scales. (AC +4, rPois)
A meltable icy envelope protects you from harm. (AC +0)
You are completely covered in sharp spines.
A meltable shield of frost defends you. (SH +0)
Your natural rate of healing is unusually fast.


Message History

You slice the orc warlord!! You headbutt the orc warlord.
The orc warlord is severely wounded.
You slash the orc warrior!
The orc no longer looks unusually strong.
The orc warlord hits you with a +2 dire flail of draining!
* * * LOW HITPOINT WARNING * * *
You feel drained.
* * * LOW HITPOINT WARNING * * *
The orc warrior misses you.
The orc warrior is struck by your spines.
The orc warrior misses you.
You feel much better.
The orc warlord roars a battlecry!
The orcs go into a battle-frenzy!
The orc warrior hits you but does no damage.
The orc warrior misses you.
You closely miss the orc warlord.
You headbutt the orc warlord, but do no damage.
The orc warlord is severely wounded.
You closely miss the orc warrior.
The orc no longer looks unusually strong.
The orc warlord roars a battlecry!
The orc goes into a battle-frenzy!
You hit the orc warlord but do no damage.
The orc warlord is severely wounded.
You barely miss the orc warrior.
The orc warrior hits you from afar with a +0 glaive!
* * * LOW HITPOINT WARNING * * *
The orc warrior is struck by your spines.
The orc warrior hits you with a +0 scimitar.
* * * LOW HITPOINT WARNING * * *
The orc warlord hits you with a +2 dire flail of draining.
* * * LOW HITPOINT WARNING * * *
You feel drained.
* * * LOW HITPOINT WARNING * * *
You feel much better.
The orc warrior hits you from afar with a +0 glaive!
* * * LOW HITPOINT WARNING * * *
The orc warrior hits you with a +0 scimitar!
You die...

.#..#....#
..##...###
.##.....## .
##)))..#
...##.)<#.##
.......####
........##
.........#
....#.#@###
...###.ooo##
... #.ooo.#
#. ###o.##
#..## #...##
#....## ##
#.o...####.#
###....#~..#


You could see an orc warlord, 2 orc warriors and 4 orcs.

Vanquished Creatures
  Azrael (D:12)
  A minotaur (Gauntlet)
  A fire dragon (Lair:5)
  Fannar (D:11)
  A catoblepas (Lair:1)
  Erica (D:9)
  4 hydras
  A boulder beetle (D:11)
  4 two-headed ogres
  Nergalle (D:12)
  A skyshark (Lair:5)
  2 bog bodies (Lair:3)
  A deep elf pyromancer (D:12)
  A lindwurm (Lair:5)
  An orc knight (Orc:2)
  An ugly thing (D:8)
  2 orc sorcerers
  A manticore (D:12)
  3 cyclopes
  3 elephants (Lair:3)
  2 guardian serpents (D:11)
  A smoke demon (Gauntlet)
  A gargoyle (D:12)
  5 torpor snails (Lair:5)
  2 rime drakes
  14 cane toads
  5 komodo dragons
  A yaktaur (shapeshifter) (D:10)
  A polar bear (Lair:3)
  2 ice devils (Lair:2)
  6 trolls
  5 hornets (Lair:5)
  10 blink frogs
  4 tyrant leeches (Lair:5)
  Grinder (D:3)
  Prince Ribbit (D:8)
  7 dream sheep
  A jumping spider (Lair:3)
  2 culicivoras (Lair:3)
  A water elemental (D:12)
  A wraith (D:10)
  3 wyverns
  4 shadows
  41 yaks
  Eustachio (D:5)
  2 fire elementals (D:12)
  Grum (D:10)
  4 basilisks
  3 steam dragons
  A redback (Lair:3)
  5 vampire mosquitoes
  2 wargs
  3 swamp worms (Gauntlet)
  Duvessa (D:5)
  3 hell hounds (D:12)
  16 water moccasins
  2 acid dragons
  An ice beast (D:4)
  12 orc warriors
  3 sky beasts
  4 black bears
  7 wolves
  6 ogres
  4 centaurs
  2 phantoms
  A kobold brigand (D:8)
  2 necrophages
  12 bullfrogs
  4 gnoll sergeants
  5 wights (D:6)
  Dowan (D:6)
  4 killer bees (D:10)
  2 electric eels
  12 howler monkeys
  3 crimson imps (Gauntlet)
  8 hounds
  4 gnoll boudas
  A jelly (D:5)
  8 orc priests
  Crazy Yiuf (D:6)
  4 iguanas
  19 orc wizards
  3 mummies (Ossuary)
  34 gnolls
  3 adders
  A white imp (D:8)
  2 ufetubi
  A worm zombie (D:4)
  4 adder zombies (Ossuary)
  A worm (D:2)
  41 orcs
  8 bats
  8 endoplasms
  5 giant cockroaches
  6 goblins
  3 hobgoblins
  13 jackals
  2 quokkas (D:2)
  8 ball pythons
  3 frilled lizards
  A goblin zombie (Ossuary)
  3 hobgoblin zombies (Ossuary)
  A jackal zombie (D:4)
  7 kobolds
  A kobold zombie (Ossuary)
  An orc zombie (Ossuary)
  3 quokka zombies (Ossuary)
  7 rats
  5 rat zombies (Ossuary)
502 creatures vanquished.

Vanquished Creatures (others)
  A water moccasin (D:8)
  An ogre (Orc:2)
  An orc (D:5)
  A butterfly (D:12)
  56 fungi
  84 plants
  12 withered plants (D:1)
156 creatures vanquished.

Grand Total: 658 creatures vanquished

Notes
Turn   | Place    | Note
-------+----------+-------------------------------------------
     0 | D:1      | ryw the Demonspawn Monk began the quest for the Orb.
     0 | D:1      | Reached XP level 1. HP: 18/18 MP: 1/1
   163 | D:1      | Gained mutation: A meltable shield of frost defends you.
                  | (SH +0) [demonic ancestry]
   163 | D:1      | Reached XP level 2. HP: 24/24 MP: 2/2
   331 | D:1      | Found Loohac's Assorted Antiques.
   394 | D:1      | Found a faded altar of an unknown god.
   964 | D:2      | Gained mutation: You are partially covered in slimy green
                  | scales. (AC +2) [demonic ancestry]
   964 | D:2      | Reached XP level 3. HP: 19/29 MP: 3/3
  2050 | D:3      | Found a large runed translucent door.
  2051 | D:3      | Found a large runed translucent door.
  2083 | D:3      | Noticed tarna41's ghost (weakling MiBe)
  2137 | D:3      | Reached XP level 4. HP: 21/37 MP: 4/4
  2452 | D:3      | Reached skill level 1 in Short Blades
  2507 | D:3      | Noticed Grinder
  2525 | D:3      | Paralysed by Grinder for 2 turns
  2530 | D:3      | Paralysed by Grinder for 4 turns
  2551 | D:3      | Gained mutation: Your natural rate of healing is unusually
                  | fast. [potion of mutation]
  2554 | D:3      | Paralysed by Grinder for 5 turns
  2563 | D:3      | Paralysed by Grinder for 3 turns
  2568 | D:3      | Killed Grinder
  2569 | D:3      | Gained mutation: You are partially covered in sharp spines.
                  | [demonic ancestry]
  2569 | D:3      | Reached XP level 5. HP: 41/43 MP: 5/5
  2569 | D:3      | Reached XP level 6. HP: 48/50 MP: 6/6
  2830 | D:3      | Reached skill level 5 in Fighting
  2928 | D:4      | Got the Tractate on Permutations
  3197 | D:4      | Reached skill level 5 in Dodging
  3197 | D:4      | Gained mutation: You are mostly covered in sharp spines.
                  | [demonic ancestry]
  3197 | D:4      | Reached XP level 7. HP: 56/56 MP: 7/7
  3381 | D:4      | Found a sand-covered staircase.
  3388 | Ossuary  | Entered an ossuary
  3881 | D:5      | Entered Level 5 of the Dungeon
  3969 | D:5      | Noticed Eustachio
  4021 | D:5      | Killed Eustachio
  4022 | D:5      | Reached skill level 1 in Spellcasting
  4105 | D:5      | Reached XP level 8. HP: 59/65 MP: 10/10
  4768 | D:6      | Noticed Dowan
  4768 | D:6      | Noticed Duvessa
  4801 | D:6      | Found Amicyk's Antique Weapon Shop.
  4873 | D:6      | Found a staircase to the Ecumenical Temple.
  4991 | D:6      | Killed Dowan
  5012 | D:5      | Killed Duvessa
  5265 | D:6      | Reached XP level 9. HP: 74/74 MP: 13/13
  5291 | D:6      | Reached skill level 1 in Throwing
  5513 | D:6      | Found a runed translucent door.
  5514 | D:6      | Noticed Crazy Yiuf
  5519 | D:6      | Killed Crazy Yiuf
  5559 | Temple   | Entered the Ecumenical Temple
  5869 | Temple   | Became a worshipper of Cheibriados the Contemplative
  5869 | Temple   | Reached * piety under Cheibriados
  5869 | Temple   | Reached ** piety under Cheibriados
  5934 | D:7      | Reached skill level 1 in Axes
  6101 | D:7      | Reached *** piety under Cheibriados
  6310 | D:7      | Gained mutation: You are completely covered in sharp
                  | spines. [demonic ancestry]
  6310 | D:7      | Reached XP level 10. HP: 83/83 MP: 14/14
  6354 | D:7      | Found a sacrificial altar of Ru.
  6397 | D:7      | Reached **** piety under Cheibriados
  6473 | D:7      | Found Bewkaemm's Distillery.
  6480 | D:7      | Bought a potion of heal wounds for 60 gold pieces
  6489 | D:7      | Found a shadowy altar of Dithmenos.
  7153 | D:8      | Noticed a two-headed ogre
  7160 | D:8      | Killed a two-headed ogre
  7220 | D:8      | Noticed Prince Ribbit
  7227 | D:8      | Killed Prince Ribbit
  7533 | D:8      | Reached skill level 5 in Axes
  7536 | D:8      | Noticed a purple ugly thing
  7548 | D:8      | Reached ***** piety under Cheibriados
  7574 | D:8      | Killed a purple ugly thing
  7725 | D:9      | Reached skill level 5 in Throwing
  7742 | D:9      | Noticed Erica
  7751 | D:9      | Killed Erica
  7752 | D:9      | Reached skill level 10 in Fighting
  7840 | D:9      | Gained mutation: A meltable icy envelope protects you from
                  | harm. (AC +0) [demonic ancestry]
  7840 | D:9      | Reached XP level 11. HP: 90/90 MP: 15/15
  8029 | D:9      | Noticed a two-headed ogre
  8033 | D:9      | Killed a two-headed ogre
  8269 | D:10     | Entered Level 10 of the Dungeon
  8286 | D:10     | Found a staircase to the Lair.
  8318 | D:10     | Noticed a two-headed ogre
  8324 | D:10     | Killed a two-headed ogre
  8339 | D:10     | Noticed Grum
  8346 | D:10     | Killed Grum
  8449 | D:10     | Identified the ring "Fulleqog" {Wiz Fly Will+}
  8461 | D:10     | Noticed a green very ugly thing
  8557 | D:10     | Noticed a green ugly thing
  8709 | D:10     | Found a transporter.
  8710 | D:10     | Noticed a white ugly thing
  8714 | D:10     | Found a corrupted altar of Lugonu.
  8717 | D:10     | Found a transporter.
  8835 | D:10     | Reached ****** piety under Cheibriados
  9009 | D:10     | Noticed a two-headed ogre
  9018 | D:10     | Killed a two-headed ogre
  9153 | D:11     | Reached skill level 10 in Dodging
  9204 | D:11     | Noticed Fannar
  9210 | D:11     | Reached skill level 1 in Armour
  9224 | D:11     | Killed Fannar
  9225 | D:11     | Gained mutation: You are mostly covered in slimy green
                  | scales. (AC +3) [demonic ancestry]
  9225 | D:11     | Reached XP level 12. HP: 72/100 MP: 16/16
  9225 | D:11     | Noticed a boulder beetle
  9250 | D:11     | Killed a boulder beetle
  9914 | Lair:1   | Entered Level 1 of the Lair of Beasts
 10134 | Lair:1   | Noticed a five-headed hydra
 10139 | Lair:1   | Killed a five-headed hydra
 10216 | Lair:1   | Noticed a catoblepas
 10223 | Lair:1   | Killed a catoblepas
 10950 | Lair:2   | Found a frozen archway.
 11511 | Lair:3   | Identified the +0 plate armour of the Unstoppable Wishes
                  | {Int+5 SInv}
 11523 | Lair:3   | Reached skill level 5 in Armour
 11580 | Lair:3   | Reached skill level 10 in Axes
 11630 | Lair:3   | Gained mutation: You are completely covered in slimy green
                  | scales. (AC +4, rPois) [demonic ancestry]
 11630 | Lair:3   | Reached XP level 13. HP: 100/107 MP: 17/17
 12052 | Lair:3   | Found a staircase to the Swamp.
 12235 | Lair:3   | Found a hole to the Spider Nest.
 12542 | Lair:4   | Found a gate leading to a gauntlet.
 12551 | Gauntlet | Entered a Gauntlet
 12551 | Gauntlet | Found a transporter.
 12555 | Gauntlet | Found a large runed translucent door.
 12556 | Gauntlet | Found a transporter.
 12556 | Gauntlet | Found a large runed translucent door.
 12557 | Gauntlet | Found a large runed translucent door.
 12557 | Gauntlet | Found a large runed translucent door.
 12557 | Gauntlet | Found a transporter.
 12557 | Gauntlet | Found a runed translucent door.
 12558 | Gauntlet | Found a large runed translucent door.
 12559 | Gauntlet | Found a large runed translucent door.
 12560 | Gauntlet | Found a large runed translucent door.
 12560 | Gauntlet | Found a large runed translucent door.
 12561 | Gauntlet | Found a runed translucent gate.
 12565 | Gauntlet | Found a transporter.
 12568 | Gauntlet | Found a transporter.
 12576 | Gauntlet | Found a transporter.
 12585 | Gauntlet | Found a transporter.
 12603 | Gauntlet | Found a transporter.
 12605 | Gauntlet | Found a transporter.
 12607 | Gauntlet | Found a runed translucent gate.
 12607 | Gauntlet | Found a runed translucent gate.
 12608 | Gauntlet | Found a large runed translucent door.
 12608 | Gauntlet | Found a large runed translucent door.
 12609 | Gauntlet | Found a large runed translucent door.
 12610 | Gauntlet | Found a large runed translucent door.
 12611 | Gauntlet | Found a large runed translucent door.
 12611 | Gauntlet | Found a large runed translucent door.
 12611 | Gauntlet | Found a runed translucent door.
 12612 | Gauntlet | Found a large runed translucent door.
 12613 | Gauntlet | Found a large runed translucent door.
 12615 | Gauntlet | Found a transporter.
 12618 | Gauntlet | Found a transporter.
 12628 | Gauntlet | Found a transporter.
 12863 | Gauntlet | Identified the ring "Marujecw" {Fly rPois rF+ Will- Int+4}
 12874 | Gauntlet | Noticed a minotaur
 12891 | Gauntlet | Killed a minotaur
 12906 | Gauntlet | Identified the +1 cloak "Qagget" {Rampage Str+3}
 13551 | Lair:4   | Found a viscous altar of Jiyva.
 13552 | Lair:4   | Found a staircase to the Slime Pits.
 13852 | Lair:5   | Entered Level 5 of the Lair of Beasts
 14603 | Lair:5   | Found a runed translucent door.
 14604 | Lair:5   | Noticed a fire dragon
 14821 | Lair:5   | Killed a fire dragon
 15044 | D:12     | Gained mutation: You have a pair of small horns on your
                  | head. [demonic ancestry]
 15044 | D:12     | Reached XP level 14. HP: 111/116 MP: 18/18
 15131 | D:12     | Noticed Azrael
 15143 | D:12     | Killed Azrael
 15252 | D:12     | Got the Incunable of the Enchanted Graveyard
 15307 | D:12     | Noticed Nergalle
 15321 | D:12     | Killed Nergalle
 15752 | D:12     | Found a staircase to the Orcish Mines.
 15761 | Orc:1    | Entered Level 1 of the Orcish Mines
 15800 | Orc:1    | Found Eblaff's Jewellery Shoppe.
 15828 | Orc:1    | Found Fatocu's Armour Boutique.
 15905 | Orc:1    | Found Waphyvod's Book Emporium.
 15982 | Orc:1    | Found Jehacw's Armour Boutique.
 16233 | Orc:2    | Entered Level 2 of the Orcish Mines
 16342 | Orc:2    | Noticed an orc warlord
 16359 | Orc:2    | Paralysed by an orc sorcerer for 3 turns
 16374 | Orc:2    | HP: 3/95 [orc warlord/+2 dire flail of draining (2)]
 16378 | Orc:2    | Slain by an orc warrior

Illustrated notes

Levels and vault maps discovered:
D:1:      wander_arrival_estate, layout_loops_cross, serial_shops,
          nicolae_shop_stone, shapermc_ecumenical_altar_flowoftime,
          wad_floor_pattern_1, minmay_fountain_box
D:2:      layout_basic
D:3:      layout_basic, ebering_ghost_disaster_area, minmay_misc_feat_room,
          nicolae_concentric_dashed_squares_wild, nrook_mini_backslash,
          uniq_grinder
D:4:      layout_gridville, enter_ossuary_3
D:5:      layout_cave_pools, uniq_eustachio
D:6:      layout_rooms, minmay_temple_entry_grid, serial_shops, shop,
          uniq_crazy_yiuf_cottage, uniq_duvessa
D:7:      layout_cave_pools, overflow_temple_1_default,
          mainiacjoe_overflow_small_starburst, serial_gnoll_camp,
          gnoll_camp_mini_doghouse, gnoll_camp_mini_shop, gnoll_camp_huts_basic,
          gnoll_camp_mini_hut, chequers_serial_rivers_micro_b, kennysheep_dice
D:8:      minmay_clustersquares, layout_cave_pods, uniq_prince_ribbit1
D:9:      layout_basic, uniq_erica
D:10:     gammafunk_corrupted_shrine, layout_gridville,
          due_lair_maze_entry_diamond, hangedman_decor_lopped,
          ebering_dispersal_statue_hall, uniq_grum
D:11:     nrook_guardian_serpent_snake_passage, layout_cave_pools,
          minmay_lindwurm_lava, uniq_fannar
D:12:     layout_irregular_city, erik_orc_2, minmay_crystal_room,
          nicolae_elyvilon_peaceful_grove, uniq_nergalle, uniq_azrael
Temple:   mainiacjoe_temple_cubbyholes
Lair:1:   layout_chaotic_city, lemuel_fruit_tree, infiniplex_staircase_pool_2
Lair:2:   layout_loops_ring, portal_ice_cave_demonic_guard,
          chequers_serial_rivers_micro_c
Lair:3:   layout_regular_city, skrybe_swamp_entry_bodies,
          spider_nest_entry_funnel_web, serial_bayou_shore_a
Lair:4:   layout_hall_layers, dpeg_slime_entry_enclosed, gauntlet_entry_generic,
          grunt_megastairs_1, serial_bayou_shore_b
Lair:5:   wormcave, layout_loops_ring
Orc:1:    layout_diamond_mine, basic_altar, serial_shops, nicolae_shop_crystal,
          nicolae_shop_hallway_plus, shop, shop_fountains
Orc:2:    grunt_orc_cross, layout_caves, serial_shops, nicolae_lakefront_shop,
          nicolae_orc_pool_cavern, minmay_orc_barracks

Skill      XL: |  1  2  3  4  5  6  7  8  9 10 11 12 13 14 |
---------------+-------------------------------------------+-----
Dodging        | 3 4 5 7 8 9 10 11 | 11.6
Fighting       | 4 5 6 8 9 10 11 12 | 12.6
Short Blades   | 2 3 |  3.0
Spellcasting   | 1 3 |  3.0
Throwing       | 3 5 6 7 8 |  8.0
Axes           | 3 6 8 10 11 12 | 12.0
Armour         | 1 5 7 8 |  8.3
Stealth        | |  1.7
Unarmed Combat | |  2.6

Action                     |  1- 3 |  4- 6 |  7- 9 | 10-12 | 13-15 || total
---------------------------+-------+-------+-------+-------+-------++-------
  Melee: Unarmed           |   208 |       |       |       |       ||   208
         Punch             |     7 |     3 |     6 |    12 |    10 ||    38
         Rapier            |    18 |    96 |   251 |       |       ||   365
         War axe           |       |       |    74 |   361 |   367 ||   802
         Headbutt          |       |       |       |       |    31 ||    31
  Throw: Boomerang         |     3 |    19 |     7 |       |       ||    29
         Javelin           |       |       |       |    14 |    14 ||    28
 Invoke: Bend Time         |       |       |       |       |     1 ||     1
    Use: Potion            |       |     6 |     5 |       |     5 ||    16
         Scroll            |       |     1 |     6 |    15 |       ||    22
   Stab: Sleeping          |     4 |     5 |     4 |       |     3 ||    16
         Distracted        |     1 |       |     2 |       |       ||     3
         Invisible         |       |       |     2 |       |       ||     2
 Armour: Robe              |    62 |     6 |    66 |     7 |       ||   141
         Fire dragon scale |       |       |       |    95 |   132 ||   227
         Skin              |       |       |       |     1 |       ||     1
  Dodge: Dodged            |   152 |    57 |   233 |   316 |   433 ||  1191
  Block: Other             |    43 |    14 |    52 |    83 |    70 ||   262

Table legend: (Time is in decaauts)
 A = Elapsed time spent in this place.
 B = Non-inter-level travel time spent in this place.
 C = Inter-level travel time spent in this place.
 D = Time resting spent in this place.
 E = Time spent auto-exploring this place.
 F = Levels seen in this place.
 G = Mean time per level.
                   A        B        C        D        E       F      G
               +--------+--------+--------+--------+--------+-----+--------+
         Total |  24513 |  23224 |   1289 |    441 |  18154 |  22 | 1114.2 |
       Dungeon |  13476 |  12816 |    660 |    382 |   9586 |  12 | 1123.0 |
        Temple |    381 |    296 |     85 |      0 |    291 |   1 |  381.0 |
          Lair |   8509 |   8020 |    489 |      3 |   7024 |   5 | 1701.8 |
  Orcish Mines |   1121 |   1067 |     54 |      8 |    836 |   2 |  560.5 |
       Ossuary |    218 |    218 |      0 |     48 |     56 |   1 |  218.0 |
      Gauntlet |    806 |    806 |      0 |      0 |    360 |   1 |  806.0 |
               +--------+--------+--------+--------+--------+-----+--------+

Top non-repeatable levels by time:
  Lair:3: 1921 daAuts
  Lair:5: 1789 daAuts
  Lair:4: 1746 daAuts
  Lair:2: 1690 daAuts
    D:10: 1608 daAuts
     D:8: 1489 daAuts
    D:11: 1429 daAuts
  Lair:1: 1362 daAuts
    D:12: 1268 daAuts
     D:7: 1224 daAuts
     D:2: 1096 daAuts
     D:9: 1031 daAuts
     D:3: 940 daAuts
     D:5: 928 daAuts
     D:4: 915 daAuts
